Cogmind - Beta 15 @@@ ROGUE MODE // 2025.07.09 @ 01:39:44 Player: Mogwok Wargfriend Result: Destroyed by Y-45 Defender with Beam Rifle Performance ------------- Evolutions (1) 500 Regions Visited (2) 400 Robots Destroyed (72) 360 Value Destroyed (1318) 1318 Prototype IDs (6) 120 Alien Tech Used (0) 0 Bonus (19) 19 TOTAL SCORE: 2717 Bonus ------- High Alert Combat Kills 19 Cogmind --------- Core Integrity 0/400 Matter 300/300 Energy 140/140 System Corruption 16% Temperature Cool (9) Movement Treading (160) Location -9/Materials Parts ------- > --- POWER (1) -------- Light Deuterium Engine > --- PROPULSION (2) --- Light Treads Improved Treads > --- UTILITY (4) ------ Large Storage Unit Signal Interpreter Light Armor Plating Hacking Suite > --- WEAPON (2) ------- Heavy Hammer Heavy Hammer > --- INVENTORY (15) --- Heavy Ion Engine Light Deuterium Engine Light Treads Medium Storage Unit High-capacity Matter Pod (200) Improved EM Shotgun Improved EM Shotgun Improved EM Shotgun Improved EM Shotgun Beam Cannon Beam Cannon Mini Grenade Launcher Mini Grenade Launcher Mining Laser Heavy Hammer Peak State ------------ > --- POWER ------------ Heavy Ion Engine > --- PROPULSION ------- Light Treads Improved Treads > --- UTILITY ---------- Large Storage Unit Visual Processing Unit Signal Interpreter Hacking Suite > --- WEAPON ----------- Heavy Hammer Heavy Hammer > --- INVENTORY -------- Heavy Ion Engine Compact Wheel Medium Storage Unit High-capacity Matter Pod Improved EM Shotgun Improved EM Shotgun Improved EM Shotgun Improved EM Shotgun Improved EM Shotgun Beam Cannon Beam Cannon Mini Grenade Launcher Mini Grenade Launcher Mining Laser Heavy Hammer [Rating: 20] Favorites ----------- Power Heavy Ion Engine Engine Heavy Ion Engine Propulsion Wheel Treads Light Treads Wheel Wheel Utility Large Storage Unit Device Heat Sink Storage Large Storage Unit Processor Visual Processing Unit Hackware Hacking Suite Protection Light Armor Plating Weapon Heavy Hammer Energy Gun Improved EM Shotgun Ballistic Gun Light Assault Rifle Impact Weapon Heavy Hammer Build | -11 -10 -9 ------- Run | Yrd Mat Mat Slots Evolved 2 | . . 2 Power . | . . . Propulsion . | . . . Utility 2 | . . 2 Weapon . | . . . Parts Attached 37 | 7 10 20 Power 8 | 1 3 4 Engine 8 | 1 3 4 Core . | . . . Reactor . | . . . Propulsion 12 | 2 2 8 Treads 6 | . . 6 Leg . | . . . Wheel 6 | 2 2 2 Hover . | . . . Flight . | . . . Utility 8 | 2 2 4 Device 2 | 1 . 1 Storage 2 | 1 1 . Processor 2 | . 1 1 Hackware 1 | . . 1 Protection 1 | . . 1 Artifact . | . . . Weapon 9 | 2 3 4 Energy Gun 1 | . . 1 Energy Cannon . | . . . Ballistic Gun 3 | 2 1 . Ballistic Cannon . | . . . Launcher . | . . . Special Weapon . | . . . Impact Weapon 5 | . 2 3 Slashing Weapon . | . . . Piercing Weapon . | . . . Special Melee Weapon . | . . . Unidentified Prototypes 3 | . 1 2 Corrupted Parts 2 | . . 2 System Corruption 16 | . . 16 Parts Lost 15 | . 5 10 Power 3 | . 2 1 Propulsion 8 | . 2 6 Utility 2 | . 1 1 Weapon 2 | . . 2 Highest Loss Streak 5 | . 2 5 To Critical Strikes . | . . . Average Backups 14 | 3 14 14 Power 1 | . . 1 Propulsion 2 | 1 3 1 Utility 2 | . 3 2 Weapon 7 | 1 6 9 Tool/Special . | . . . Unused Backups 24 | . 5 19 Power 3 | . . 3 Propulsion 6 | . 2 4 Utility 4 | . 1 3 Weapon 11 | . 2 9 Tool/Special . | . . . Average Slot Usage (%) 96 | . 94 97 Engine 11 | . 13 11 Treads 7 | . . 12 Wheel 15 | . 27 8 Device 6 | . 3 7 Storage 12 | . 14 11 Processor 15 | . 6 20 Hackware 1 | . . 2 Impact Weapon 22 | . 24 21 Peak Build Rating 20 | 7 12 20 Average Rating 13 | 5 9 16 On Entrance 6 | . 7 11 Naked Turns . | . . . Heaviest Build 34 | 14 32 34 Greatest Support 43 | 26 26 43 Greatest Overweight (x) 3 | . 1 3 Average Overweight (x) 1 | . . 2 Largest Inventory Capacity 15 | 8 15 15 Average Capacity 14 | 7 14 15 Most Carried 15 | 7 15 15 Average Carried 14 | 3 14 14 Final Capacity 15 | 8 15 15 Final Carried 15 | 7 15 15 Class Distribution -------------------- 100% | Mutant Dominant Class ---------------- Mutant | -10/Materials Mutant | -9/Materials Resources | -11 -10 -9 ----------- Run | Yrd Mat Mat Matter Collected 1197 | 310 368 519 Remotely . | . . . Salvage Created 2071 | 133 480 1458 Parts 78 | 11 24 43 Haulers Intercepted 7 | . 2 5 Recyclers Shooed . | . . . Parts Field Recycled . | . . . Retrieved Matter . | . . . Parts Self-Destructed . | . . . Prevented . | . . . Kills | -11 -10 -9 ------- Run | Yrd Mat Mat Combat Hostiles Destroyed 36 | . 9 27 Melee 21 | . 6 15 AOE 1 | . 1 . Classes Destroyed 12 | 2 7 3 Worker 10 | . 3 7 Builder 4 | . 4 . Tunneler 3 | 2 . 1 Hauler 7 | . 2 5 Recycler 3 | 1 . 2 Operator 3 | . 2 1 Watcher 6 | . 2 4 Swarmer 14 | . 5 9 Grunt 12 | . 4 8 Brawler 1 | . . 1 Duelist 1 | . . 1 Sentry 8 | . . 8 Best Kill Streak 6 | 2 4 6 Combat Bots Only 4 | . 3 4 Max Kills in Single Turn 1 | 1 1 1 Gunslinging . | . . . Exploded 1 | . 1 . Melee 1 | . 1 1 Uniques/NPCs Destroyed . | . . . Combat | -11 -10 -9 -------- Run | Yrd Mat Mat Hostile Shots Fired 246 | . 64 182 Missed 54 | . 15 39 Hits 192 | . 49 143 Melee 11 | . . 11 Projectile 181 | . 49 132 Critical Strikes 8 | . 1 7 Damage Taken 2266 | . 551 1715 Core 568 | . 156 412 Absorbed by Shields . | . . . Regen/Repaired (Parts) 87 | . . 87 Core Remaining (%) 68 | 100 37 . Volleys Fired 12 | 10 2 . Largest 2 | 2 2 . Hottest 40 | 40 40 . Shots Fired 24 | 20 4 . Gun 24 | 20 4 . Cannon . | . . . Launcher . | . . . Special . | . . . Kinetic 24 | 20 4 . Thermal . | . . . Explosive . | . . . Electromagnetic . | . . . Robot Hit Streak 5 | 5 1 . Robot Miss Streak 2 | 2 1 . Penetration Max . | . . . Secondary Targets . | . . . Shots Hit Robots 146 | 12 35 99 Core Hits 29 | 5 9 15 Critical Kills 9 | . 4 5 Critical Parts Destroyed 23 | . 3 20 Critical Strikes 32 | . 7 25 Smash 32 | . 7 25 Melee Attacks 209 | . 52 157 Impact 209 | . 52 157 Slashing . | . . . Piercing . | . . . Sneak Attacks 29 | . 9 20 Combat Hostiles . | . . . Follow-up Attacks 26 | . 4 22 Damage Inflicted 6377 | 119 1739 4519 Guns 146 | 119 27 . Cannons . | . . . Explosions . | . . . Melee 6229 | . 1712 4517 Ramming 2 | . . 2 Kinetic 146 | 119 27 . Thermal . | . . . Explosive . | . . . Electromagnetic . | . . . Impact 6229 | . 1712 4517 Slashing . | . . . Piercing . | . . . Highest Corruption 16 | . . 16 Average Corruption 10 | . . 10 Corruption Purged . | . . . Corruption Blocked . | . . . Effects 54 | . . 54 Message Errors 10 | . . 10 Matter Fused 15 | . . 15 Heat Flow Errors 11 | . . 11 Energy Discharges 8 | . . 8 Data Loss (minor) 5 | . . 5 Data Loss (major) 4 | . . 4 Alerts 1 | . . 1 Overload Shots . | . . . Overflow Damage 2281 | . 579 1702 Projectiles . | . . . Explosions . | . . . Melee 2281 | . 579 1702 Knockbacks 11 | . 6 5 Impact 11 | . 6 5 Kinetic . | . . . Secondary . | . . . Self-Inflicted Damage . | . . . Shots . | . . . Rammed 1 | . . 1 Targets Rammed 1 | . . 1 Kicked . | . . . Crushed . | . . . Highest Temperature 250 | . . 250 Average Temperature 97 | . . 97 Received Heat Transfer 609 | . 114 495 Siege Activations . | . . . Martial Activations . | . . . Shielding Activations . | . . . Robots Disrupted . | . . . Combat Hostiles . | . . . Robots Corrupted 28 | . 7 21 Combat Hostiles 14 | . 2 12 Parts Fried 40 | . 11 29 Impact Corruptions 86 | . 27 59 Robots Melted . | . . . Combat Hostiles . | . . . Parts Melted . | . . . Heat Transferred . | . . . Parts Sabotaged . | . . . Parts Stolen . | . . . Parts Stripped . | . . . Power Chain Reactions . | . . . Alert | -11 -10 -9 ------- Run | Yrd Mat Mat Maximum Alert Level 2 | . . 2 Low Security (%) 69 | 100 100 50 Level 1 19 | . . 31 Level 2 11 | . . 17 Level 3 . | . . . Level 4 . | . . . Level 5 . | . . . High Security . | . . . Max Security . | . . . Peak Influence 479 | 5 114 479 Initial 27 | . . 27 Average 141 | . 42 201 Influence Increases 1569 | 15 448 1106 Destroy 0b10 Robot/C 720 | . 180 540 Destroy 0b10 Robot/NC 180 | 15 65 100 Destroy Leader 196 | . 38 158 Successful Hack 62 | . 11 51 Disable Machine 150 | . 30 120 Destroy Structure 6 | . 4 2 Partial Spotted 15 | . . 15 Lose Combat Pursuer 240 | . 120 120 Influence Decreases 1109 | 15 381 713 Entered New Map 40 | . . 40 Time Decay 927 | 15 331 581 Lost Part 142 | . 50 92 Squads Dispatched 4 | . 2 2 Investigation . | . . . Extermination . | . . . Reinforcement 3 | . 2 1 Assault 1 | . . 1 Garrison . | . . . Intercept . | . . . Searches Triggered . | . . . Construction Impeded . | . . . Haulers Reinforced . | . . . Active Scanning Responses . | . . . Cargo Convoy Interrupts . | . . . Stealth | -11 -10 -9 --------- Run | Yrd Mat Mat Distress Signals 3 | . 2 1 Communications Jammed . | . . . Distress Signals . | . . . Times Spotted 73 | . 25 48 Peak Tracking Total 6 | . 4 6 Tactical Retreats 9 | . 3 6 Traps | -11 -10 -9 ------- Run | Yrd Mat Mat Traps Triggered 2 | . 2 . Indirectly . | . . . Trap Hack Attempts . | . . . Triggered . | . . . Disarmed . | . . . Reprogrammed . | . . . Reused . | . . . Traps Extracted . | . . . Installed . | . . . Triggered . | . . . Machines | -11 -10 -9 ---------- Run | Yrd Mat Mat Machines Disabled 10 | . 2 8 Max in Single Turn 1 | . 1 1 Machines Repaired . | . . . Machines Dismantled . | . . . Machines Sabotaged . | . . . Overloaded Fab Kills . | . . . Hacking | -11 -10 -9 --------- Run | Yrd Mat Mat Machines Accessed 20 | . 6 14 Terminals 13 | . 4 9 Fabricators . | . . . Repair Stations 1 | . . 1 Recycling Units 4 | . 2 2 Scanalyzers 2 | . . 2 Garrison Access . | . . . Total Hacks 68 | . 20 48 Successful 39 | . 10 29 Failed 28 | . 10 18 Catastrophic 4 | . 1 3 Database Lockouts 1 | . . 1 Manual 44 | . 15 29 Terminals 45 | . 14 31 Fabricators . | . . . Repair Stations 3 | . . 3 Recycling Units 15 | . 6 9 Scanalyzers 5 | . . 5 Garrison Access . | . . . Terminal Hacks 14 | . 3 11 Robot Analysis 5 | . 2 3 Prototype ID Bank 2 | . . 2 Branch Access Points 1 | . . 1 Terminal Index 2 | . . 2 Alert Level 1 | . . 1 Locate Traps 3 | . 1 2 Fabricator Hacks . | . . . Repair Station Hacks 2 | . . 2 Scan Component 1 | . . 1 Repair 1 | . . 1 Recycling Unit Hacks 7 | . 3 4 Report Inventory 5 | . 3 2 Retrieve Components 2 | . . 2 Scanalyzer 5 | . . 5 Insert Component 3 | . . 3 Analyze 2 | . . 2 Garrison Access Hacks . | . . . Unauthorized Hacks 11 | . 4 7 Terminals 6 | . 2 4 Assimilate 1 | . . 1 Botnet 3 | . 1 2 Operators 2 | . 1 1 Fabricators . | . . . Repair Stations . | . . . Recycling Units 5 | . 2 3 Reject 4 | . 2 2 Mask 1 | . . 1 Scanalyzers . | . . . Garrison Access . | . . . Data Cores Recovered . | . . . Used . | . . . Hacking Detections 18 | . 6 12 Full Trace Events . | . . . Feedback Events . | . . . Feedback Blocked . | . . . Robot Schematics Acquired . | . . . Robots Built . | . . . Authchips . | . . . Time . | . . . Total Robot Build Rating . | . . . Part Schematics Acquired 2 | . . 2 Parts Built . | . . . Authchips . | . . . Time . | . . . Total Part Build Rating . | . . . Parts Repaired 1 | . . 1 Time 32 | . . 32 Parts Recycled . | . . . Recycled Matter . | . . . Retrieved Matter . | . . . Retrieved Components 3 | . . 3 Parts Scanalyzed 2 | . . 2 Part Schematics Acquired 2 | . . 2 Parts Damaged . | . . . Bothacking | -11 -10 -9 ------------ Run | Yrd Mat Mat Used RIF Installer . | . . . Robots Hacked . | . . . Non-combat . | . . . Combat . | . . . Robot Hacks Applied . | . . . Relay Couplers Released . | . . . Fabnet Peak Effective % . | . . . Robots Rewired . | . . . Allies Hacked . | . . . Hacks Repelled . | . . . Allies | -11 -10 -9 -------- Run | Yrd Mat Mat Total Allies . | . . . Largest Group . | . . . Highest-Rated Group . | . . . Highest-Rated Ally . | . . . Total Orders . | . . . Ally Attacks . | . . . Total Damage . | . . . Kills . | . . . Allies Corrupted . | . . . Allies Melted . | . . . Intel | -11 -10 -9 ------- Run | Yrd Mat Mat Active Infowar (turns) 2659 | 35 772 1852 Optics 2369 | . 517 1852 Seismic 290 | 35 255 . Robot Analysis Total 5 | . 2 3 Derelict Logs Recovered . | . . . Drone Launches . | . . . Drone Recoveries . | . . . Exploration | -11 -10 -9 ------------- Run | Yrd Mat Mat Turns Passed 3238 | 117 1082 2039 Spaces Moved 2102 | 75 857 1170 Core 1 | 1 . . Treads 244 | . . 244 Legs . | . . . Wheels 1857 | 74 857 926 Hover . | . . . Flight . | . . . Fastest Speed 50 | 50 90 105 Average Speed 118 | 91 105 129 Slowest Speed 240 | 100 115 240 Overloaded Moves . | . . . Propulsion Burnouts . | . . . Robots Hopped . | . . . Potential Cave-ins . | . . . Cave-ins Triggered . | . . . Exploration Rate (%) 59 | 4 96 78 Regions Visited 2 Branch Regions . Pre-discovered Areas . | . . . Known Exits Taken . | . . . Unknown Exits Taken 2 | 1 1 . Scrap Searched . | . . . Spaces Dug 6 | . 4 2 Terrain Destroyed 6 | . 4 2 Melee 6 | . 4 2 Projectile . | . . . AOE . | . . . Terrain Rammed . | . . . Walls Destroyed . | . . . Machines Disabled . | . . . Actions | -11 -10 -9 --------- Run | Yrd Mat Mat Total 2534 | 102 960 1472 Wait 138 | 3 17 118 Move 2100 | 74 856 1170 Hop . | . . . Pick Up 42 | 8 16 18 Fast Attach 20 | 6 7 7 Attach 14 | 1 2 11 Detach 4 | . 2 2 Swap 8 | . 3 5 Drop 27 | . 12 15 Fire 12 | 10 2 . Melee 168 | . 43 125 Ram . | . . . Kick . | . . . Crush 1 | . . 1 Escape Stasis . | . . . Rewire . | . . . Trap . | . . . Miscellaneous . | . . . Route ------- -11/Scrapyard -10/Materials (discovered 6 exits: *Mat x3 / [*Min x2] / [*Sub]) -9/Materials (discovered 4 exits: [*Mat] / *Min x2 / *Sto) History --------- Turn | Location | Event 19 | -11/Scrapyard | Discovered new exit (range 16) 118 | -11/Scrapyard | Entered Materials 245 | -10/Materials | Discovered new exit (range 12) 304 | -10/Materials | Build established: Mutant 434 | -10/Materials | Discovered new exit (range 11) 509 | -10/Materials | Discovered new exit (range 7) 533 | -10/Materials | Discovered new exit (range 14) 735 | -10/Materials | Discovered new exit (range 8) 799 | -10/Materials | Discovered new exit (range 8) 939 | -10/Materials | Core integrity fell below 50% 1200 | -10/Materials | Entered another Materials area 1200 | -9/Materials | Evolved 2 slots: Utility x2 1572 | -9/Materials | Identified exit to Mines 1572 | -9/Materials | Identified exit to Storage 1592 | -9/Materials | Discovered new exit (range 10) 1797 | -9/Materials | Central database locked down 2323 | -9/Materials | Repaired Flail 2641 | -9/Materials | Core integrity fell below 50% 2675 | -9/Materials | Core integrity fell below 20% 2702 | -9/Materials | Lost 5 parts (3n1u1w) 2776 | -9/Materials | System corruption reached 10% 3200 | -9/Materials | First assault squad dispatched 3239 | -9/Materials | Destroyed by Y-45 Defender with Beam Rifle Last Messages --------------- 03130_ Dropped Com. Wheel. 03133_ Acquired Corrupted Lgt. Treads. 03136_ System corrupted: Component data lost. 03150_ Connecting with Scanalyzer... >>Insert(Hvy. Hammer) Scanning Hvy. Hammer... Ready to analyze. >>Scanalyze Scanning: Hvy. Hammer... Schematic downloaded. 03188_ Connecting with Scanalyzer... >>Insert(Corrupted Lgt. Treads) Scanning Corrupted Lgt. Treads... Ready to analyze. 03190_ System corrupted: Energy discharge (-56). 03200_ ALERT: Unidentified disturbance in Zone 8M, assault force dispatched. 03217_ System corrupted: Energy discharge (-37). 03233_ Critical hit (Burn: +37). 03239_ 2NQ&,XKIM1 M8CE SC7/PHWCVU6EW